 Dungeon Crawl Stone Soup version 0.29-a0-830-gcb1280458a (webtiles) character file.

Game seed: 13496852595455737351

18 lesaewzxc the Sneak (level 2, 0/19 HPs)
             Began as a Vampire Enchanter on July 11, 2022.
             Slain by a kobold
             ... wielding a +0 whip
              (5 damage)
             ... on level 1 of the Dungeon.
             The game lasted 00:03:07 (241 turns).

lesaewzxc the Sneak (Vampire Enchanter)              Turns: 241, Time: 00:03:07

Health: 0/19       AC:  0    Str:  7    XL:     2   Next: 48%
Magic:  5/5        EV: 12    Int: 17    God:
Gold:   19         SH:  0    Dex: 14    Spells: 5/5 levels left

rFire   . . .      SeeInvis +   a - +1 dagger
rCold   . . .      Faith    .   (no shield)
rNeg    . . .      Spirit   .   (no body armour)
rPois   .          Reflect  .   (no helmet)
rElec   .          Harm     .   (no cloak)
rCorr   .          Rampage  .   (no gloves)
Will    .....                   (no boots)
Stlth   +++.......              (no amulet)
HPRegen 0.26/turn               (no ring)
MPRegen 0.09/turn               (no ring)

@: healing quickly
A: alive, fangs 3, see invisible, vampiric 1
a: Exsanguinate


You were on level 1 of the Dungeon.
You visited 1 branch of the dungeon, and saw 1 of its levels.

You collected 19 gold pieces.

Inventory:

Hand Weapons
 a - a +1 dagger (weapon)
Missiles
 e - a throwing net (quivered)
Armour
 b - a +0 robe
 d - a +2 ring mail of willpower
Scrolls
 f - a scroll of teleportation {unknown}
Potions
 c - a potion of invisibility


   Skills:
 + Level 1.5 Short Blades
 + Level 2.5 Dodging
 + Level 4.7 Stealth
 + Level 2.2 Spellcasting
 + Level 4.7 Hexes


You had 5 spell levels left.
You didn't know any spells.
Your spell library contained the following spells:

 Spells                   Type           Power      Damage    Failure   Level
 Confusing Touch          Hex            17%        N/A       9%          3
 Tukima's Dance           Hex            17%        N/A       9%          3
 Ensorcelled Hibernation  Hex/Ice        18%        N/A       11%         2
 Dazzling Flash           Conj/Hex       18%        N/A       22%         3


Dungeon Overview and Level Annotations

Branches:
Dungeon (1/15)

Altars:


Innate Abilities, Weirdness & Mutations

Your natural rate of healing is accelerated.
You have razor-sharp teeth.
You have supernaturally acute eyesight. (SInv)
You are afflicted with vampirism.


Message History

The jackal is lightly wounded.
The jackal bites you.
* * * LOW HITPOINT WARNING * * *
You hit the jackal.
The jackal is severely wounded.
The jackal closely misses you. The jackal barely misses you.
You barely miss the jackal.
The jackal is severely wounded.
The jackal completely misses you.
You hit the jackal.
You kill the jackal!
A kobold comes into view. It is wielding a +0 whip.
You see here a jackal corpse.
An endoplasm comes into view.
The endoplasm quivers.
You see here a jackal corpse.
A giant cockroach comes into view.
You hit the kobold.
The kobold is heavily wounded.
The kobold misses you.
You closely miss the kobold.
The kobold is moderately wounded.
The kobold barely misses you.
You hit the kobold but do no damage.
The kobold is moderately wounded.
The kobold hits you with a +0 whip.
You barely miss the kobold.
The kobold is moderately wounded.
The kobold barely misses you.
You completely miss the kobold.
The kobold is moderately wounded.
The kobold hits you with a +0 whip.
* * * LOW HITPOINT WARNING * * *
You miss the kobold.
The kobold is moderately wounded.
The kobold closely misses you.
You miss the kobold.
The kobold is moderately wounded.
The kobold hits you with a +0 whip.
You die...

..### ....#.# ..... ...?..
.......#...### #. #..#...#.(..:#
.. ... ... #....##.## .. #.# #.#
[###††##.#. § .#
##.###.##.##J..##.♣.♣♣ §##
.####..##.....##K#..⌠.♣♣.♣♣♣♣..
)##.........# #@###♣♣..∩.∩..♣ #
.##......#.#####.###.♣♣∩...∩♣♣§#
.#.........# #...##.♣.∩..8..∩.♣
........^..###.##..♣.∩.......∩♣.#
...................♣♣..8.<.8...♣
.................##..∩.......∩.♣
...........#.####..♣♣♣∩..8..∩♣♣§#
#.................##♣..∩...∩♣..#
.)...................♣♣♣∩.∩..♣⌠#


You could see an endoplasm and a kobold.

Vanquished Creatures
  3 bats (D:1)
  3 endoplasms (D:1)
  4 jackals (D:1)
  A quokka (D:1)
  A ball python (D:1)
  A frilled lizard (D:1)
  2 kobolds (D:1)
  A rat (D:1)
16 creatures vanquished.

Notes
Turn   | Place    | Note
-------+----------+-------------------------------------------
     0 | D:1      | lesaewzxc the Vampire Enchanter began the quest for the
                  | Orb.
     0 | D:1      | Reached XP level 1. HP: 13/13 MP: 3/3
    73 | D:1      | Reached XP level 2. HP: 4/19 MP: 5/5
   241 | D:1      | Slain by a kobold

Illustrated notes

Levels and vault maps discovered:
D:1:      heliophobic_arrival_enchanted_forest, layout_rooms,
          shapermc_ecumenical_altar_flowoftime, serial_shops,
          nicolae_shop_competitors_out_of_business, minivault_25,
          chequers_serial_rivers_marsh, lemuel_another_geyser

Action                   || total
-------------------------++-------
Melee: Dagger            ||    52
       Bite              ||     4
  Use: Potion            ||     2
 Stab: Invisible         ||     1
       Sleeping          ||     1
Dodge: Dodged            ||    51

Table legend: (Time is in decaauts)
 A = Elapsed time spent in this place.
 B = Non-inter-level travel time spent in this place.
 C = Inter-level travel time spent in this place.
 D = Time resting spent in this place.
 E = Time spent auto-exploring this place.
 F = Levels seen in this place.
 G = Mean time per level.
                   A        B        C        D        E       F      G
               +--------+--------+--------+--------+--------+-----+--------+
         Total |    237 |    237 |      0 |      0 |     34 |   1 |  237.0 |
       Dungeon |    237 |    237 |      0 |      0 |     34 |   1 |  237.0 |
               +--------+--------+--------+--------+--------+-----+--------+

Top non-repeatable levels by time:
     D:1: 237 daAuts
